AoeStats
← panzasmagno

Nomad

510923004Analyzed
3v3 RM · 21h ago on Oct 3, 2026· 49m 21s· 6 players
Game mode
Random Map
Map size
210×210
Population
200
Speed
Normal
Resources
Standard
Victory
Conquest
Starting age
Dark Age
Ending age
Imperial Age
RankedLock teamsTeams togetherTeam positionsShared explorationLock speedFull tech treeHidden civsTurbo modeCheats
Victory
Defeat
🇲🇽 Persians · Mexico
1445
+19
🇲🇽 Koreans · Mexico
1367
+22
🇲🇽 Dravidians · Mexico
1239
+26
🇦🇷 Koreans · Argentina
1589
-25
🇲🇽 Vikings · Mexico
1512
-23
🇦🇷 Spanish · Argentina
1405
-19
KOF Itachi
4:29 Loom
12:47 Feudal Age
14:30 Double-Bit Axe
14:39 Fletching
22:56 Castle Age
22:16 Man-at-Arms
22:42 Arson
23:19 Town Watch
23:20 Crossbowman
24:07 Thumb Ring
24:11 Gold Mining
25:42 Bodkin Arrow
30:57 Padded Archer Armor
36:30 Ballistics
41:44 Imperial Age
39:39 Leather Archer Armor
39:24 Scale Mail Armor
39:54 Forging
39:27 Long Swordsman
39:53 Gambesons
40:08 Squires
40:42 Pikeman
42:13 Two-Handed Swordsman
42:37 Arbalester
42:52 Elite Skirmisher
43:30 Stone Mining
43:57 Champion
43:59 Halberdier
46:12 Bracer
48:03 Ring Archer Armor
47:35 Murder Holes
49:11 Iron Casting
48:51 Chain Mail Armor
49:01 Conscription
50:29 Chemistry
~KOF~Legonas
10:00 Loom
13:25 Feudal Age
19:47 Castle Age
20:28 Crossbowman
30:46 Fletching
30:51 Double-Bit Axe
47:39 Bodkin Arrow
KOF ChavaAzcona
5:12 Loom
13:44 Feudal Age
15:13 Double-Bit Axe
20:19 Castle Age
18:19 Gold Mining
19:38 Scale Barding Armor
19:52 Horse Collar
20:34 Bloodlines
21:21 Wheelbarrow
22:15 Chain Barding Armor
21:41 Horse Collar
24:56 Husbandry
28:17 Forging
30:14 Bow Saw
31:47 Iron Casting
32:08 Heavy Plow
38:02 Imperial Age
39:05 Plate Barding Armor
37:55 Cavalier
41:30 Blast Furnace
42:16 Gold Shaft Mining
42:25 Stone Mining
44:20 Savar
46:26 Hoardings
46:02 Fletching
46:41 Hand Cart
46:57 Masonry
47:08 Ballistics
48:12 Conscription
49:11 Heated Shot
panzasmagno
4:41 Loom
12:43 Feudal Age
17:33 Castle Age
15:58 Fishing Lines
17:06 Fletching
23:25 Gillnets
25:38 Bodkin Arrow
25:46 Town Watch
27:21 Gold Mining
30:13 Horse Collar
30:20 Double-Bit Axe
33:21 Bow Saw
33:18 Padded Archer Armor
39:17 Imperial Age
38:00 Stone Mining
38:58 Scale Mail Armor
39:55 Chain Mail Armor
40:03 Forging
39:56 Elite Varangian Guard
41:23 Plate Mail Armor
43:04 Gold Shaft Mining
43:22 Iron Casting
45:15 Blast Furnace
45:05 Murder Holes
47:39 Heavy Plow
49:06 Coinage
Lord_M@ster
5:10 Loom
13:54 Feudal Age
14:30 Double-Bit Axe
22:52 Castle Age
26:07 Castle Age
24:06 Fletching
26:59 Bodkin Arrow
DiegoRasta
11:34 Loom
14:07 Feudal Age
18:13 Castle Age
16:28 Double-Bit Axe
16:45 Gold Mining
17:31 Fletching
20:03 Fishing Lines
21:58 Bodkin Arrow
31:06 Bow Saw
34:37 Imperial Age
33:37 Wheelbarrow
35:35 Ballistics
35:19 Bracer
36:24 Chemistry
37:34 Murder Holes
39:22 Husbandry
39:59 Thumb Ring
41:05 Elite War Wagon
Connection lost

Rejoining the realm…

Still unreachable

The connection could not be restored.

Session expired

The server has moved on; the page needs a fresh start.